 Dungeon Crawl Stone Soup version 0.21.0-24-g2553a33 (webtiles) character file.

160 Gorglomux the Covered (level 5, -1/49 HPs)
             Began as a Deep Dwarf Fighter on Jan 20, 2018.
             Slain by Exporg's ghost (2 damage)
             ... on level 4 of the Dungeon.
             The game lasted 00:00:58 (2002 turns).

Gorglomux the Covered (Deep Dwarf Fighter)          Turns: 2002, Time: 00:00:59

Health: -1/49      AC:  8    Str: 26    XL:     5   Next: 17%
Magic:  5/5        EV:  7    Int:  8    God:
Gold:   172        SH: 10    Dex: 12    Spells: 4/4 levels left

rFire    . . .     SeeInvis .   a - +0 war axe
rCold    . . .     Gourm    .   c - +0 shield
rNeg     . . .     Faith    .   b - +0 scale mail
rPois    .         Spirit   .   (no helmet)
rElec    .         Reflect  .   (no cloak)
rCorr    .         Harm     .   T - +0 pair of gloves
MR       .....                  (no boots)
Stlth    ..........             (no amulet)
HPRegen  0.00/turn              (no ring)
MPRegen  0.09/turn              (no ring)

@: mighty, non-regenerating
A: damage resistance, heal wounds, sense surroundings 1, no regeneration
a: Heal Wounds


You were on level 4 of the Dungeon.
You were not hungry.

You visited 1 branch of the dungeon, and saw 4 of its levels.

You collected 172 gold pieces.

Inventory:

Hand Weapons
 a - a +0 war axe (weapon)
Armour
 b - a +0 scale mail (worn)
 c - a +0 shield (worn)
 T - a +0 pair of gloves (worn)
Scrolls
 k - 2 scrolls of remove curse {unknown}
 o - 2 scrolls of blinking {unknown}
 U - a scroll of magic mapping {unknown}
 W - 2 scrolls of identify {unknown}
 X - a scroll of enchant weapon {unknown}
 Y - a scroll of fog {unknown}
 Z - a scroll of enchant armour {unknown}
Potions
 g - a potion of degeneration {unknown}
 h - 2 potions of heal wounds {unknown}
 j - 2 potions of haste {unknown}
 l - 2 potions of invisibility {unknown}
 m - 3 potions of curing {unknown}
 n - 4 potions of brilliance {unknown}
 V - a potion of magic {unknown}
Comestibles
 f - 6 rations


   Skills:
 + Level 3.4 Fighting
 + Level 3.5 Axes
 + Level 4.4 Armour
 + Level 4.2 Shields


You had 4 spell levels left.
You didn't know any spells.

Dungeon Overview and Level Annotations

Branches:
Dungeon (4/15)
 Temple: D:4-7

Altars:

Annotations:
D:4 Exporg's ghost, amateur GnCK


Innate Abilities, Weirdness & Mutations

You are resistant to damage.
You can heal yourself by infusing magical energy.
You passively map a small area around you.
You do not regenerate.


Message History

You cut Butt's ghost into ribbons!!!
Exporg's ghost is severely damaged!
You open the worm like a pillowcase!
Exporg's butt hits you!!! * * * don't die
* * * Butt block the worm's attack!
Unknown butt!
You fail to use your ability!
Exporg's ghost hits you but does no damage!
You open Exporg's ghost but do no damage!
Exporg's ghost is severely damaged!
You butt the worm into ribbons!!!
You annihilate the worm!!!
Exporg's ghost hits you! * * * don't die
* * * Unknown command!
You fail to use your ability!
You block Exporg's ghost's attack!
A phantom comes into view!
Unknown command!
You fail to use your ability!
Exporg's ghost hits butt! rip

* * .. ... ##### ,
...####...######### *
..................
,.................
,................#
W.....).....###.## ,
#..!.)@.........#
...$..W.#........# ,
,.................######
, ,
.###..................#
, * #####......#.......#
,, * * #.##...........#
, , #...#.#..######* ,*
, ###.#........## ,
#.....####..#


You could see a phantom and Exporg's ghost.

Vanquished Creatures
  An orc priest (D:4)
  3 adders
  2 worms
  4 dart slugs
  2 leopard geckos
  5 orcs
  5 giant cockroaches
  12 goblins
  12 hobgoblins
  8 kobolds
  A ball python (D:1)
  11 bats
  5 frilled lizards
  6 rats
77 creatures vanquished.

Notes
Turn   | Place    | Note
-------+----------+-------------------------------------------
     0 | D:1      | Gorglomux the Deep Dwarf Fighter began the quest for the Orb.
     0 | D:1      | Reached XP level 1. HP: 20/20 MP: 1/1
   175 | D:1      | Reached XP level 2. HP: 25/27 MP: 2/2
   350 | D:1      | Reached skill level 3 in Fighting
   481 | D:1      | Reached XP level 3. HP: 31/34 MP: 3/3
   898 | D:2      | Reached skill level 3 in Axes
   977 | D:2      | Reached XP level 4. HP: 22/42 MP: 4/4
  1986 | D:4      | Noticed Exporg's ghost (amateur GnCK)
  1991 | D:4      | Reached XP level 5. HP: 46/49 MP: 5/5
  2000 | D:4      | HP: 1/49 [Exporg's ghost (2)]
  2002 | D:4      | Noticed a phantom
  2002 | D:4      | Slain by Exporg's ghost

Skill      XL: |  1  2  3  4 |
---------------+-------------+-----
Fighting       | 3 |  3.4
Axes           | 3 |  3.5
Armour         | 4 |  4.4
Shields        | 4 |  4.2

Action                   |  1- 3 |  4- 6 || total
-------------------------+-------+-------++-------
Melee: War axe           |   127 |   109 ||   236
 Abil: Heal Wounds       |       |     1 ||     1
  Use: Potion            |       |     1 ||     1
  Eat: Chunk             |     1 |     3 ||     4
Armor: Scale mail        |    58 |    65 ||   123
Dodge: Dodged            |    33 |    33 ||    66
Block: Shield            |    68 |    77 ||   145
